AoeStats
← 米德维奇小学副校长

Arabia

510472322Analyzed
1v1 RM · 16h ago on Oct 1, 2026· 36m 38s· 2 players
Game mode
Random Map
Map size
Tiny (2 player)
Population
200
Speed
Normal
Resources
Standard
Victory
Conquest
Starting age
Dark Age
Ending age
Imperial Age
RankedLock teamsTeams togetherTeam positionsShared explorationLock speedFull tech treeHidden civsTurbo modeCheats
Victory
Defeat
🇭🇰 Shu · Hong Kong SAR China
1103
+18
1137
-18
WKC
6:18 Loom
8:50 Feudal Age
10:01 Double-Bit Axe
16:58 Fletching
24:24 Castle Age
24:25 Crossbowman
25:02 Bodkin Arrow
26:38 Padded Archer Armor
26:55 Bow Saw
32:35 Wheelbarrow
36:02 Ballistics
米德维奇小学副校长
6:32 Loom
9:18 Feudal Age
11:12 Double-Bit Axe
20:26 Castle Age
27:57 Wheelbarrow
29:09 Elite Skirmisher
32:46 Padded Archer Armor
32:37 Fletching
Connection lost

Rejoining the realm…

Still unreachable

The connection could not be restored.

Session expired

The server has moved on; the page needs a fresh start.